 Dungeon Crawl Stone Soup version 0.22.0-5-gf09313c8f9 (webtiles) character file.

515 LLavrengius the Changer (level 7, -4/45 HPs)
             Began as an Octopode Transmuter on Aug 14, 2018.
             Was a Follower of Ashenzari.
             Slain by a centaur (9 damage)
             ... on level 5 of the Dungeon.
             The game lasted 00:19:06 (4149 turns).

LLavrengius the Changer (Octopode Transmuter)       Turns: 4149, Time: 00:19:07

Health: -4/45      AC:  2    Str:  9    XL:     7   Next: 20%
Magic:  7/10       EV: 20    Int: 17    God:    Ashenzari [*.....]
Gold:   245        SH:  0    Dex: 22    Spells: 5/11 levels left

rFire    . . .     SeeInvis .     - Unarmed
rCold    . . .     Gourm    .   (shield currently unavailable)
rNeg     . . .     Faith    .   (helmet currently unavailable)
rPois    x         Spirit   .   (no amulet)
rElec    .         Reflect  .   m - +4 ring of dexterity
rCorr    .         Harm     .   (no ring)
MR       .....                  (no ring)
Stlth    ++........             (no ring)
HPRegen  0.15/turn              (no ring)
MPRegen  0.12/turn              (no ring)
                                (no ring)
                                (no ring)

@: spider-form
A: tiny, almost no armour, stealthy swim, (amphibious), 8 rings, (constrict 8)
a: End Transformation, Curse Item, Scrying, Renounce Religion


You were on level 5 of the Dungeon.
You worshipped Ashenzari.
Ashenzari was aware of your devotion.
You were hungry.
You were a venomous arachnid creature.
You visited 1 branch of the dungeon, and saw 5 of its levels.

You collected 245 gold pieces.

Inventory:

Hand Weapons
 b - a +2 whip of pain
 r - a +2 hunting sling of freezing (melded)
Missiles
 a - 71 arrows
 e - 47 bolts
 h - 95 stones (quivered)
 i - 12 sling bullets
 l - 45 poisoned needles
 s - 7 needles of sleeping
Armour
 w - a +0 shield
Magical Staves
 u - an uncursed staff of fire
Jewellery
 m - a +4 ring of dexterity (left front leg)
Scrolls
 f - 8 scrolls of identify {unknown}
 g - 6 scrolls of remove curse
 j - 4 scrolls of enchant armour {unknown}
 k - a scroll of magic mapping {unknown}
 p - a scroll of random uselessness {unknown}
 t - 2 scrolls of noise {unknown}
 y - 2 scrolls of amnesia {unknown}
Potions
 d - a potion of lignification {unknown}
 n - 2 potions of agility {unknown}
 o - 2 potions of flight {unknown}
 q - 4 potions of curing {unknown}
 v - a potion of might {unknown}
 x - 3 potions of magic {unknown}
 z - 2 potions of heal wounds {unknown}
 A - 3 potions of degeneration {unknown}
 C - a potion of mutation {unknown}
Comestibles
 c - 9 rations
 B - 7 chunks of flesh


   Skills:
 + Level 2.2 Fighting
 + Level 2.3 Dodging
 * Level 4.2 Unarmed Combat
 + Level 2.5 Spellcasting
 + Level 4.9 Transmutations
 - Level 4.3 Poison Magic


You had 5 spell levels left.
You knew the following spells:

 Your Spells              Type           Power        Failure   Level  Hunger
a - Beastly Appendage     Tmut           ###...       10%         1    #......
b - Sticks to Snakes      Tmut           ###.....     12%         2    ##.....
c - Spider Form           Tmut/Pois      ###.......   22%         3    ###....

Your spell library contained the following spells:

 Spells                   Type           Power        Failure   Level  Hunger
 Blade Hands              Tmut           ###.......   77%         5    ######.
 Ice Form                 Ice/Tmut       ##......     75%         4    #####..


Dungeon Overview and Level Annotations

Branches:
Dungeon (5/15)             Temple (0/1) D:5

Altars:
Ashenzari
Cheibriados
Kikubaaqudgha
Vehumet
Xom
Yredelemnul
Zin

Shops:
D:2 *   D:4 [}


Innate Abilities, Weirdness & Mutations

You cannot wear most types of armour.
You are very stealthy in the water. (Stealth+)
((You are amphibious.))
You can wear up to eight rings at the same time.
((You can use your tentacles to constrict eight enemies at once.))
((Your skin changes colour to match your surroundings (Stealth+).))
((Your rubbery body absorbs attacks. (AC +1, EV +1)))


Message History

You are too injured to fight recklessly!
You hit the centaur but do no damage.
The centaur is lightly wounded.
The centaur barely misses you.
Unknown command.
You hit the centaur but do no damage.
The centaur is poisoned.
The centaur is lightly wounded.
The centaur hits you!
* * * LOW HITPOINT WARNING * * *
You bite the centaur!
The centaur is heavily wounded.
The centaur misses you. The centaur closely misses you.
You hit the centaur.
The centaur looks as sick as possible!
The centaur is severely wounded.
The centaur hits you!
* * * LOW HITPOINT WARNING * * *
You hit the centaur but do no damage.
The centaur is severely wounded.
The centaur hits you!
You die...

.# #.###.## #.# #.###.# # ..
#......# #.# #.##..# # .#
#######..# #.# #.##.## # ..
..#......# #(# #.##.# .#
#.#.###..#######.# #.##.# .#
#.#.# #..........# #.##.#
.###.#.###.######...#####.##.##
...........# #....>##...#.#.##
....######## #s..........###.#
##### #c.......###.#.## #
##...#.### ##..# ...##<# #..# #
##### # #..# # #..# # ...# #
##.# # #.# #


You could see a centaur.

Vanquished Creatures
  An ogre (D:4)
  A scorpion (D:4)
  A howler monkey (D:4)
  An orc priest (D:3)
  A centaur skeleton (D:3)
  A hound (D:5)
  A worker ant (D:5)
  A hound skeleton (D:4)
  7 adders
  3 gnolls (D:3)
  2 oozes
  2 dart slugs
  8 leopard geckos
  15 orcs
  2 ball pythons
  A giant cockroach (D:1)
  14 goblins
  12 hobgoblins
  7 jackals
  3 quokkas
  6 bats
  8 frilled lizards
  6 kobolds
  6 rats
110 creatures vanquished.

Notes
Turn   | Place    | Note
-------+----------+-------------------------------------------
     0 | D:1      | LLavrengius the Octopode Transmuter began the quest for the Orb.
     0 | D:1      | Reached XP level 1. HP: 13/13 MP: 3/3
   306 | D:1      | Reached XP level 2. HP: 8/18 MP: 3/5
   466 | D:1      | Learned a level 2 spell: Sticks to Snakes
   657 | D:1      | Reached XP level 3. HP: 18/23 MP: 6/6
   665 | D:1      | Learned a level 3 spell: Spider Form
  1345 | D:2      | Reached skill level 1 in Poison Magic
  1579 | D:2      | Found Zin's Purification Station.
  1582 | D:2      | Found a glowing silver altar of Zin.
  1646 | D:2      | Found a shattered altar of Ashenzari.
  1653 | D:2      | Became a worshipper of Ashenzari the Shackled
  1827 | D:2      | Reached XP level 4. HP: 28/28 MP: 5/7
  2291 | D:3      | Found an ancient bone altar of Kikubaaqudgha.
  2300 | D:3      | Reached XP level 5. HP: 34/34 MP: 8/8
  2334 | D:3      | Found a snail-covered altar of Cheibriados.
  2376 | D:3      | Found a shimmering altar of Xom.
  2391 | D:3      | Found a radiant altar of Vehumet.
  2417 | D:3      | Found a basalt altar of Yredelemnul.
  2867 | D:3      | Reached XP level 6. HP: 39/39 MP: 9/9
  3610 | D:4      | Found Fukicom's Antique Armour Shoppe.
  3692 | D:4      | Reached XP level 7. HP: 45/45 MP: 6/10
  3874 | D:4      | Found Raus's Gadget Boutique.
  3921 | D:5      | Entered Level 5 of the Dungeon
  4001 | D:5      | Found a staircase to the Ecumenical Temple.
  4042 | D:5      | Reached * piety under Ashenzari
  4149 | D:5      | Slain by a centaur

Skill      XL: |  1  2  3  4  5  6 |
---------------+-------------------+-----
Poison Magic   | 1 3 4 |  4.3
Unarmed Combat | 4 |  4.2
Fighting       | 2 |  2.2
Transmutations | 3 4 |  4.9
Dodging        | |  2.3
Spellcasting   | |  2.5

Action                   |  1- 3 |  4- 6 |  7- 9 || total
-------------------------+-------+-------+-------++-------
Melee: Unarmed           |    75 |    98 |    25 ||   198
       Constrict         |    18 |    23 |       ||    41
       Tentacles         |     9 |    11 |       ||    20
       Kick              |     8 |    13 |       ||    21
       Punch             |       |     2 |       ||     2
 Fire: Hunting sling     |     3 |    45 |     5 ||    53
 Cast: Beastly Appendage |    10 |    12 |     1 ||    23
       Spider Form       |       |     5 |     5 ||    10
 Stab: Sleeping          |     5 |     4 |       ||     9
  Eat: Chunk             |     3 |     7 |     1 ||    11
Armor: Skin              |     8 |     5 |     1 ||    14
Dodge: Dodged            |    49 |    55 |    22 ||   126
